[ PARTIDA AOE2 · #507159541 ]
UnrankedPersas vs Mongols
Equipo del jugador · VICT
Equipo rival · DERR
[ ANÁLISIS DE REPETICIÓN · EXTRAÍDO DE LA PARTIDA GRABADA ]
Feudal
10:18
Castillos
22:23
Imperial
—
| APM promedio | 66.6 |
| APM pico | 113 |
| eAPM promedio | 23.3 |
| Aldeanos / militares | 77 / 43 |
Foco
⚔️ 27.3% · 🌾 72.7%
Archer ×33 · Militia ×5 · Battering Ram ×4 · Skirmisher ×1
Feudal
8:00
Castillos
24:51
Imperial
—
| APM promedio | 31.9 |
| APM pico | 78 |
| eAPM promedio | 16.6 |
| Aldeanos / militares | 57 / 31 |
Foco
⚔️ 30.0% · 🌾 70.0%
Skirmisher ×20 · Archer ×9 · Mangonel ×1 · Scorpion ×1
Mapa de la partida
Recursos iniciales + cada clic de construcción. Líneas = muros · curvas = relieve. ◆ oro · ⬟ piedra · ● bayas · ✦ reliquia · ◌ hueco del cierre
Tu base· ✓ Cerrada en 22:23 · 52t muro · 3 puerta(s)
Base de Shalvi!< 133· Abierta — hueco de 5t
Terreno inicial suavizado · ◌ = hueco del cierre detectado · pasá el cursor para detalles
Inputs por minuto
— pablo.isaza - - Shalvi!< 133
Build order — pablo.isaza
Primeras 150 de 207 acciones detectadas
| 0:01 | Encolar | Villager (Male) |
| 0:01 | Encolar | Villager (Male) |
| 0:02 | Construir | House |
| 0:04 | Construir | House |
| 0:14 | Encolar | Villager (Male) |
| 0:19 | Encolar | Villager (Male) |
| 0:23 | Encolar | Villager (Male) |
| 1:28 | Encolar | Villager (Male) |
| 1:28 | Encolar | Villager (Male) |
| 1:28 | Encolar | Villager (Male) |
| 1:57 | Encolar | Villager (Male) |
| 2:09 | Construir | Lumber Camp |
| 2:32 | Encolar | Villager (Male) |
| 2:32 | Encolar | Villager (Male) |
| 2:32 | Encolar | Villager (Male) |
| 2:52 | Encolar | Villager (Male) |
| 2:52 | Encolar | Villager (Male) |
| 3:08 | Encolar | Villager (Male) |
| 3:34 | Encolar | Villager (Male) |
| 3:35 | Encolar | Villager (Male) |
| 3:35 | Encolar | Villager (Male) |
| 3:43 | Construir | House |
| 4:19 | Construir | Barracks |
| 4:24 | Encolar | Villager (Male) |
| 4:32 | Construir | House |
| 5:02 | Encolar | Villager (Male) |
| 5:03 | Encolar | Villager (Male) |
| 5:15 | Encolar | Militia |
| 5:15 | Encolar | Militia |
| 5:25 | Encolar | Militia |
| 5:29 | Encolar | Villager (Male) |
| 5:55 | Construir | Palisade Wall |
| 6:10 | Encolar | Villager (Male) |
| 6:27 | Encolar | Villager (Male) |
| 6:33 | Construir | Mill |
| 6:38 | Encolar | Militia |
| 7:13 | Investigar | Loom |
| 7:14 | Investigar | Loom |
| 8:14 | Investigar | Feudal Age |
| 8:15 | Investigar | Feudal Age |
| 8:34 | Construir | Mining Camp |
| 8:36 | Construir | Palisade Wall |
| 8:43 | Encolar | Villager (Male) |
| 8:51 | Construir | Mill |
| 9:41 | Encolar | Villager (Male) |
| 9:45 | Construir | House |
| 10:18 | Edad | Edad Feudal |
| 10:37 | Encolar | Villager (Male) |
| 10:42 | Construir | Archery Range |
| 10:44 | Encolar | Villager (Male) |
| 10:51 | Construir | Palisade Wall |
| 10:53 | Construir | Palisade Wall |
| 11:12 | Construir | Farm |
| 11:28 | Construir | Palisade Wall |
| 11:37 | Investigar | Man-at-Arms (upgrade) |
| 11:39 | Construir | Farm |
| 11:42 | Encolar | Archer |
| 11:42 | Encolar | Archer |
| 11:46 | Construir | House |
| 11:47 | Construir | House |
| 11:51 | Construir | Palisade Wall |
| 11:53 | Construir | Palisade Wall |
| 11:55 | Construir | Farm |
| 12:05 | Construir | Palisade Gate |
| 12:11 | Encolar | Villager (Male) |
| 12:26 | Construir | House |
| 12:34 | Encolar | Archer |
| 12:34 | Encolar | Archer |
| 12:35 | Encolar | Archer |
| 12:35 | Encolar | Archer |
| 12:41 | Construir | Farm |
| 12:54 | Encolar | Archer |
| 13:20 | Encolar | Villager (Male) |
| 13:26 | Construir | Palisade Wall |
| 13:31 | Construir | Palisade Wall |
| 13:34 | Encolar | Villager (Male) |
| 13:38 | Construir | Palisade Gate |
| 13:59 | Encolar | Villager (Male) |
| 14:02 | Construir | Blacksmith |
| 14:08 | Encolar | Villager (Male) |
| 14:17 | Construir | Farm |
| 14:24 | Construir | Palisade Wall |
| 14:31 | Encolar | Villager (Male) |
| 14:33 | Construir | Farm |
| 14:35 | Encolar | Villager (Male) |
| 14:41 | Encolar | Archer |
| 14:53 | Investigar | Fletching |
| 15:04 | Construir | Farm |
| 15:08 | Encolar | Villager (Male) |
| 15:13 | Construir | Farm |
| 15:16 | Construir | House |
| 15:22 | Encolar | Villager (Male) |
| 15:35 | Encolar | Villager (Male) |
| 15:40 | Encolar | Archer |
| 15:45 | Construir | Farm |
| 16:05 | Encolar | Archer |
| 16:11 | Encolar | Villager (Male) |
| 16:13 | Construir | Farm |
| 16:14 | Encolar | Militia |
| 16:27 | Encolar | Villager (Male) |
| 16:31 | Encolar | Archer |
| 16:32 | Encolar | Archer |
| 16:33 | Encolar | Villager (Male) |
| 16:39 | Encolar | Villager (Male) |
| 16:52 | Encolar | Villager (Male) |
| 16:54 | Construir | Farm |
| 17:19 | Encolar | Villager (Male) |
| 17:21 | Encolar | Archer |
| 17:21 | Encolar | Archer |
| 17:43 | Encolar | Villager (Male) |
| 17:45 | Encolar | Archer |
| 17:45 | Encolar | Archer |
| 17:52 | Construir | House |
| 18:31 | Encolar | Villager (Male) |
| 18:35 | Construir | Palisade Gate |
| 18:47 | Construir | Mining Camp |
| 19:00 | Encolar | Archer |
| 19:33 | Construir | Archery Range |
| 19:57 | Investigar | Castle Age |
| 19:58 | Investigar | Castle Age |
| 19:58 | Investigar | Castle Age |
| 20:02 | Construir | House |
| 20:09 | Encolar | Archer |
| 20:27 | Construir | House |
| 20:28 | Construir | House |
| 20:28 | Construir | House |
| 20:53 | Investigar | Horse Collar |
| 20:56 | Investigar | Double-Bit Axe |
| 20:56 | Investigar | Double-Bit Axe |
| 21:04 | Construir | Lumber Camp |
| 21:06 | Encolar | Villager (Male) |
| 21:32 | Encolar | Archer |
| 21:32 | Encolar | Archer |
| 21:43 | Construir | House |
| 22:06 | Construir | Farm |
| 22:06 | Construir | Farm |
| 22:23 | Edad | Edad de los Castillos |
| 22:25 | Investigar | Crossbowman (upgrade) |
| 22:34 | Construir | House |
| 22:36 | Investigar | Bodkin Arrow |
| 22:36 | Investigar | Bodkin Arrow |
| 22:48 | Encolar | Archer |
| 22:57 | Construir | Farm |
| 23:00 | Construir | Farm |
| 23:03 | Encolar | Villager (Male) |
| 23:25 | Encolar | Villager (Male) |
| 23:36 | Encolar | Villager (Male) |
| 23:46 | Encolar | Villager (Male) |
| 23:56 | Construir | Farm |
| 23:57 | Construir | Farm |
Build order — Shalvi!< 133
Primeras 150 de 157 acciones detectadas
| 0:00 | Encolar | Villager (Male) |
| 0:00 | Encolar | Villager (Male) |
| 0:01 | Encolar | Villager (Male) |
| 0:02 | Construir | House |
| 0:04 | Construir | House |
| 0:17 | Encolar | Villager (Male) |
| 1:33 | Encolar | Villager (Male) |
| 1:33 | Encolar | Villager (Male) |
| 2:03 | Encolar | Villager (Male) |
| 2:03 | Encolar | Villager (Male) |
| 2:04 | Encolar | Villager (Male) |
| 2:15 | Construir | Lumber Camp |
| 2:29 | Encolar | Villager (Male) |
| 2:29 | Encolar | Villager (Male) |
| 2:29 | Encolar | Villager (Male) |
| 3:02 | Encolar | Villager (Male) |
| 3:03 | Encolar | Villager (Male) |
| 3:03 | Encolar | Villager (Male) |
| 3:18 | Encolar | Villager (Male) |
| 3:18 | Encolar | Villager (Male) |
| 3:26 | Construir | House |
| 4:41 | Construir | Mill |
| 4:51 | Encolar | Villager (Male) |
| 5:24 | Investigar | Loom |
| 5:47 | Investigar | Feudal Age |
| 7:06 | Construir | Barracks |
| 8:00 | Edad | Edad Feudal |
| 8:14 | Construir | Palisade Wall |
| 8:15 | Construir | Palisade Wall |
| 8:23 | Encolar | Villager (Male) |
| 8:23 | Encolar | Villager (Male) |
| 8:36 | Construir | Archery Range |
| 8:52 | Construir | House |
| 9:00 | Construir | Palisade Wall |
| 9:06 | Encolar | Archer |
| 9:06 | Encolar | Archer |
| 9:15 | Construir | Palisade Wall |
| 9:18 | Construir | Palisade Wall |
| 9:39 | Encolar | Villager (Male) |
| 9:39 | Encolar | Villager (Male) |
| 10:19 | Encolar | Skirmisher |
| 10:19 | Encolar | Skirmisher |
| 11:08 | Encolar | Skirmisher |
| 11:26 | Encolar | Villager (Male) |
| 11:26 | Encolar | Villager (Male) |
| 11:43 | Construir | Mill |
| 11:48 | Encolar | Villager (Male) |
| 11:57 | Encolar | Villager (Male) |
| 12:14 | Encolar | Skirmisher |
| 12:20 | Construir | House |
| 12:24 | Construir | House |
| 12:56 | Construir | Mining Camp |
| 13:21 | Construir | Farm |
| 13:21 | Construir | Farm |
| 13:22 | Construir | Farm |
| 13:32 | Encolar | Villager (Male) |
| 13:32 | Encolar | Villager (Male) |
| 13:32 | Encolar | Villager (Male) |
| 13:46 | Construir | Lumber Camp |
| 13:47 | Encolar | Villager (Male) |
| 13:58 | Encolar | Archer |
| 13:58 | Encolar | Archer |
| 13:59 | Encolar | Villager (Male) |
| 14:26 | Encolar | Villager (Male) |
| 14:35 | Encolar | Archer |
| 14:35 | Encolar | Archer |
| 15:02 | Construir | Archery Range |
| 15:04 | Construir | House |
| 15:25 | Construir | Farm |
| 15:27 | Encolar | Villager (Male) |
| 15:37 | Construir | House |
| 16:11 | Construir | Palisade Wall |
| 16:20 | Encolar | Archer |
| 16:21 | Encolar | Archer |
| 16:21 | Encolar | Archer |
| 16:48 | Encolar | Villager (Male) |
| 16:48 | Encolar | Villager (Male) |
| 16:51 | Construir | Farm |
| 16:51 | Construir | Farm |
| 16:52 | Construir | Farm |
| 16:52 | Construir | Farm |
| 17:00 | Construir | Mining Camp |
| 17:10 | Construir | Gate |
| 17:37 | Construir | Gate |
| 17:44 | Encolar | Skirmisher |
| 17:44 | Encolar | Skirmisher |
| 17:56 | Construir | Lumber Camp |
| 18:21 | Encolar | Skirmisher |
| 18:21 | Encolar | Skirmisher |
| 18:33 | Encolar | Skirmisher |
| 18:33 | Encolar | Skirmisher |
| 18:34 | Encolar | Villager (Male) |
| 18:35 | Encolar | Villager (Male) |
| 18:56 | Encolar | Skirmisher |
| 18:57 | Encolar | Skirmisher |
| 19:40 | Encolar | Skirmisher |
| 19:47 | Construir | Farm |
| 19:50 | Encolar | Villager (Male) |
| 19:50 | Encolar | Villager (Male) |
| 19:50 | Encolar | Villager (Male) |
| 19:54 | Investigar | Double-Bit Axe |
| 20:11 | Construir | Gate |
| 20:15 | Construir | Stone Wall |
| 20:19 | Encolar | Villager (Male) |
| 20:19 | Encolar | Villager (Male) |
| 20:32 | Construir | Gate |
| 20:36 | Construir | Stone Wall |
| 20:42 | Encolar | Villager (Male) |
| 20:43 | Encolar | Villager (Male) |
| 20:45 | Construir | House |
| 20:57 | Construir | Market |
| 21:28 | Encolar | Villager (Male) |
| 21:48 | Construir | Blacksmith |
| 21:53 | Construir | House |
| 21:55 | Construir | House |
| 21:56 | Construir | House |
| 21:59 | Construir | Palisade Wall |
| 22:11 | Investigar | Castle Age |
| 22:40 | Construir | Stone Wall |
| 22:51 | Construir | Stone Wall |
| 22:54 | Construir | Palisade Wall |
| 23:03 | Investigar | Horse Collar |
| 23:08 | Construir | Palisade Wall |
| 23:16 | Investigar | Gold Mining |
| 23:27 | Encolar | Skirmisher |
| 23:27 | Encolar | Skirmisher |
| 23:27 | Encolar | Skirmisher |
| 23:52 | Investigar | Fletching |
| 24:51 | Edad | Edad de los Castillos |
| 24:53 | Construir | Siege Workshop |
| 25:03 | Encolar | Skirmisher |
| 25:03 | Encolar | Skirmisher |
| 25:31 | Construir | Castle |
| 25:33 | Encolar | Villager (Male) |
| 25:33 | Encolar | Villager (Male) |
| 25:37 | Encolar | Skirmisher |
| 25:38 | Encolar | Skirmisher |
| 25:41 | Construir | Mining Camp |
| 26:22 | Construir | Castle |
| 26:30 | Encolar | Villager (Male) |
| 26:31 | Encolar | Villager (Male) |
| 26:56 | Construir | Mining Camp |
| 27:24 | Construir | Siege Workshop |
| 27:28 | Construir | Mining Camp |
| 28:16 | Encolar | Mangonel |
| 28:30 | Encolar | Villager (Male) |
| 28:30 | Encolar | Villager (Male) |
| 28:30 | Encolar | Villager (Male) |
| 29:15 | Encolar | Scorpion |
| 29:45 | Encolar | Villager (Male) |
Cronología de la partida
| 4:19 | pablo.isaza · first_building Barracks |
| 5:55 | pablo.isaza · wall_segment Palisade Wall x6 |
| 7:06 | Shalvi!< 133 · first_building Barracks |
| 8:00 | Shalvi!< 133 · age_up feudal |
| 8:14 | Shalvi!< 133 · wall_segment Palisade Wall x1 |
| 8:15 | Shalvi!< 133 · wall_segment Palisade Wall x1 |
| 8:36 | pablo.isaza · wall_segment Palisade Wall x2 |
| 8:36 | Shalvi!< 133 · first_building Archery Range |
| 9:00 | Shalvi!< 133 · wall_segment Palisade Wall x1 |
| 9:15 | Shalvi!< 133 · wall_segment Palisade Wall x1 |
| 9:18 | Shalvi!< 133 · wall_segment Palisade Wall x1 |
| 10:18 | pablo.isaza · age_up feudal |
| 10:42 | pablo.isaza · first_building Archery Range |
| 10:51 | pablo.isaza · wall_segment Palisade Wall x2 |
| 10:53 | pablo.isaza · wall_segment Palisade Wall x5 |
| 11:28 | pablo.isaza · wall_segment Palisade Wall x11 |
| 11:51 | pablo.isaza · wall_segment Palisade Wall x6 |
| 11:53 | pablo.isaza · wall_segment Palisade Wall x3 |
| 13:26 | pablo.isaza · wall_segment Palisade Wall x8 |
| 13:31 | pablo.isaza · wall_segment Palisade Wall x6 |
| 14:24 | pablo.isaza · wall_segment Palisade Wall x4 |
| 16:11 | Shalvi!< 133 · wall_segment Palisade Wall x1 |
| 20:15 | Shalvi!< 133 · wall_segment Stone Wall x7 |
| 20:36 | Shalvi!< 133 · wall_segment Stone Wall x2 |
| 21:59 | Shalvi!< 133 · wall_segment Palisade Wall x1 |
| 22:02 | Shalvi!< 133 · first_market_sell 100 wood |
| 22:23 | pablo.isaza · age_up castle |
| 22:40 | Shalvi!< 133 · wall_segment Stone Wall x12 |
| 22:51 | Shalvi!< 133 · wall_segment Stone Wall x12 |
| 22:54 | Shalvi!< 133 · wall_segment Palisade Wall x1 |
| 23:08 | Shalvi!< 133 · wall_segment Palisade Wall x1 |
| 24:51 | Shalvi!< 133 · age_up castle |
| 24:53 | Shalvi!< 133 · first_building Siege Workshop |
| 25:31 | Shalvi!< 133 · first_building Castle |
| 25:48 | pablo.isaza · first_building Castle |
| 26:39 | pablo.isaza · first_building Siege Workshop |
| 28:29 | Shalvi!< 133 · first_market_buy 100 food |
| 32:38 | Shalvi!< 133 · resign |
[ ANÁLISIS IA · 1 CRÉDITO ]
¿Qué pasó realmente en esta partida?
Wolo.gg analiza cada decisión: build order, eco, micro, errores típicos por bracket. Análisis personalizado por WhatsApp o Discord en 30 segundos.
Guía civ
Persas
Perfil
Jugador #5357515